 Dungeon Crawl Stone Soup version 0.29-a0-668-g12ee2bf84d (webtiles) character file.

Game seed: 6991789320150339088

35 skullybones the Magician (level 3, -2/21 HPs)
             Began as an Octopode Hedge Wizard on June 23, 2022.
             Slain by a goblin
             ... wielding a +1 dagger of venom
              (4 damage)
             ... on level 1 of the Dungeon.
             The game lasted 00:02:55 (1777 turns).

skullybones the Magician (Octopode Hedge Wizard)    Turns: 1777, Time: 00:02:56

Health: -2/21      AC:  1    Str:  9    XL:     3   Next: 33%
Magic:  0/8        EV: 13    Int: 18    God:
Gold:   28         SH:  0    Dex: 11    Spells: 6/9 levels left

rFire   . . .      SeeInvis .   a - +0 dagger
rCold   . . .      Faith    .   (no shield)
rNeg    . . .      Spirit   .   b - +0 hat
rPois   .          Reflect  .   (no amulet)
rElec   .          Harm     .   (no ring)
rCorr   .          Rampage  .   (no ring)
Will    .....                   (no ring)
Stlth   +++.......              (no ring)
HPRegen 0.07/turn               (no ring)
MPRegen 0.11/turn               (no ring)
                                (no ring)
                                (no ring)

@: no status effects
A: almost no armour, amphibious, 8 rings, camouflage 1, gelatinous body 1,
(nimble swimmer 1), tentacles
a: no special abilities


You were on level 1 of the Dungeon.
You visited 1 branch of the dungeon, and saw 1 of its levels.

You collected 28 gold pieces.


Innate Abilities, Weirdness & Mutations

You cannot wear most types of armour.
You are amphibious.
You can wear up to eight rings at the same time.
Your skin changes colour to match your surroundings (Stealth+).
Your rubbery body absorbs attacks. (AC +1, EV +1)
((You are camouflaged when in or above water. (Stealth+)))
You have tentacles for arms and can constrict up to eight enemies at once.


   Skills:
 - Level 2.0 Dodging
 - Level 2.6 Stealth
 * Level 3.8 Spellcasting
 + Level 1.8 Conjurations
 - Level 1.0 Summonings
 - Level 1.0 Translocations


You had 6 spell levels left.
You knew the following spells:

 Your Spells              Type           Power      Damage    Failure   Level
c - Call Imp              Summ           7%         N/A       16%         2
m - Magic Dart            Conj           40%        1d5       7%          1

Your spell library contained the following spells:

 Spells                   Type           Power      Damage    Failure   Level
 Apportation              Tloc           14%        N/A       10%         1
 Summon Small Mammal      Summ           28%        N/A       10%         1
 Necrotize                Necr           12%        1d4       16%         1
 Slow                     Hex            12%        N/A       16%         1
 Blink                    Tloc           14%        N/A       16%         2
 Conjure Flame            Conj/Fire      6%         6-21      30%         3
 Mephitic Cloud           Conj/Pois/Air  5%         N/A       34%         3

Inventory:

Hand Weapons
 a - a +0 dagger (weapon)
Missiles
 d - 24 stones
 m - a throwing net {=f!f}
Armour
 b - a +0 hat (worn)
Jewellery
 F - a ring of fire
   (You found it on level 1 of the Dungeon)
Scrolls
 f - a scroll of blinking {unknown}
 h - a scroll of amnesia {unknown}
 i - a scroll of immolation {unknown}
 j - 2 scrolls of identify {unknown}
 l - a scroll of silence {unknown}
Potions
 c - a potion of magic
 e - a potion of heal wounds {unknown}
 g - a potion of ambrosia {unknown}

Dungeon Overview and Level Annotations

Branches:
Dungeon (1/15) Zot: 4222

Altars:

......################ ##.♣♣♣♣#
#PP≈PP## #♣)..♣♣ .P≈≈P.P###
#########.♣♣... PP≈≈≈PP..#
#..........♣♣♣♣ P≈≈≈♣≈P..####
#..............
P♣≈♣≈≈P.....#######..............
≈≈♣♣≈≈≈....§††....#..............
♣♣♣P♣♣≈≈≈...#####g########....###
♣≈PPPP♣P≈.......@§# ####.#
♣PPPPP≈♣.P##......# #.#
≈PP≈.P≈≈PP##......# #.#
P.....)≈≈P.###...... #.#
P......≈♣P.###...5.. #.#
P#....PP≈P≈.##....... #.#
P......P≈PPP##....[... #.#
P......PP≈≈≈##......... #.#
########≈PPP# .... #.#


You could see a goblin (ally target) and a friendly crimson imp (summoned).


Message History

You regained 6 hp, and now have 11/21 hp.
What are your orders? t - Shout!
Orders for allies: a - Attack new target. r - Retreat! s - Stop attacking. g - Guard the area. f - Follow me.
Anything else - Cancel.
Gang up on whom?
Press: ? - help, Dir - move target, f - goblin
Aim: a goblin, wielding a +1 dagger of venom Attack!
The jackal misses you.
Your crimson imp closely misses the goblin.
You closely miss the jackal. Your grab misses the jackal.
The jackal closely misses you. The jackal barely misses you.
Your crimson imp barely misses the goblin.
You barely miss the jackal. You grab the jackal. You constrict the jackal.
The jackal bites you.
* * * LOW HITPOINT WARNING * * *
Your crimson imp closely misses the goblin. 😨 HP[-1]
You take 1 damage, and now have 10/21 hp.
You hit the jackal.
You constrict the jackal, but do no damage.
The jackal misses you. The jackal bites you.
* * * LOW HITPOINT WARNING * * *
Your crimson imp hits the goblin. 😨 HP[-2]
You take 2 damage, and now have 8/21 hp.
You release your grip on the jackal.
The jackal attacks as you move away! The jackal misses you.
Your crimson imp blinks! 😨 MP[+1]
You hit the jackal.
You kill the jackal!
Your crimson imp barely misses the goblin.
You aren't carrying any items that you can evoke.
You barely miss the quokka. Your grab misses the quokka. The quokka bites you.
* * * LOW HITPOINT WARNING * * *
You closely miss the quokka. Your grab misses the quokka. The quokka bites you.
* * * LOW HITPOINT WARNING * * *
Your crimson imp closely misses the goblin. 😱 HP[-4]
You take 4 damage, and now have 4/21 hp.
Unknown command.
Casting: Call Imp (safe; 16% risk of failure)
Confirm with . or Enter, or press ? or * to list all spells.
Okay, then.
You closely miss the quokka. Your grab misses the quokka.
The quokka twitches its whiskers.
The quokka misses you.
Your crimson imp hits the goblin.
The quokka misses you.
You feel better. The quokka barely misses you.
Your crimson imp closely misses the goblin. 😮 HP[+7]
You regained 7 hp, and now have 11/21 hp.
You barely miss the quokka. Your grab misses the quokka. The quokka bites you.
* * * LOW HITPOINT WARNING * * *
Your crimson imp hits the goblin. 😨 HP[-1]
You take 1 damage, and now have 10/21 hp.
You miss the quokka. Your grab misses the quokka.
Your tentacle-slap misses the quokka.
The quokka bites you.
* * * LOW HITPOINT WARNING * * *
Your crimson imp blinks! 😱 HP[-5]
You take 5 damage, and now have 5/21 hp.
MASSIVE DAMAGE!! (PAUSE)
Casting: Call Imp (safe; 16% risk of failure)
Confirm with . or Enter, or press ? or * to list all spells.
A beastly little devil appears in a puff of flame.
The quokka bites you.
* * * LOW HITPOINT WARNING * * *
😱 HP[-1] MP[-2]
You take 1 damage, and now have 4/21 hp.
You lost 2 mp, and now have 1/8 mp.
The quokka attacks as you move away! The quokka barely misses you.
The quokka closely misses you. 😱 MP[+1]
You swap places.
The quokka barely misses your crimson imp.
Your crimson imp blinks!
Casting: Call Imp (safe; 16% risk of failure)
Confirm with . or Enter, or press ? or * to list all spells.
A beastly little devil appears in a puff of flame.
Your crimson imp disappears in a puff of smoke! 😱 MP[-2]
You lost 2 mp, and now have 0/8 mp.
The quokka attacks as you move away! The quokka bites you.
* * * LOW HITPOINT WARNING * * *
😱 HP[-3]
You take 3 damage, and now have 1/21 hp.
Your crimson imp hits the quokka.
You swap places.
The quokka bites you but does no damage.
Your crimson imp blinks!
The quokka bites you but does no damage.
You hit the quokka.
You kill the quokka!
You barely miss the goblin. Your grab misses the goblin.
The goblin hits you with a +1 dagger of venom.
You die...

Action                   || total
-------------------------++-------
Melee: Dagger            ||    47
       Tentacles         ||     8
       Constrict         ||    12
 Cast: Magic Dart        ||    47
       Call Imp          ||     3
  Use: Potion            ||     2
Armor: Skin              ||     4
Dodge: Dodged            ||    44

Levels and vault maps discovered:
D:1:      evilmike_arrival_hilbert_curve, layout_basic,
          shapermc_ecumenical_altar_totnotflames, serial_bayou_lagoon_a,
          minmay_unequal

Notes
Turn   | Place    | Note
-------+----------+-------------------------------------------
     0 | D:1      | skullybones the Octopode Hedge Wizard began the quest for
                  | the Orb.
     0 | D:1      | Reached XP level 1. HP: 11/11 MP: 4/4
     0 | D:1      | magus.rc [v1.11.3]
   380 | D:1      | Reached XP level 2. HP: 17/17 MP: 3/6
   791 | D:1      | Found a faded altar of an unknown god.
   894 | D:1      | You pick up a book of Cantrips and begin reading...
   894 | D:1      | You add the spells Necrotize, Summon Small Mammal and
                  | Apportation to your library.
  1016 | D:1      | HP: 4/17 [jackal (2)]
  1291 | D:1      | Learned a level 2 spell: Call Imp
  1361 | D:1      | Reached XP level 3. HP: 21/21 MP: 5/8
  1755 | D:1      | HP: 5/21 [poisoned by a goblin]
  1764 | D:1      | HP: 4/21 [quokka (4)]
  1769 | D:1      | HP: 4/21 [quokka (1)]
  1773 | D:1      | HP: 1/21 [quokka (3)]
  1777 | D:1      | Slain by a goblin

Vanquished Creatures
  A dart slug (D:1)
  4 ball pythons (D:1)
  2 endoplasms (D:1)
  A giant cockroach (D:1)
  3 goblins (D:1)
  2 hobgoblins (D:1)
  7 jackals (D:1)
  A kobold (D:1)
  2 quokkas (D:1)
  A rat (D:1)
24 creatures vanquished.

Vanquished Creatures (collateral kills)
  A jackal (D:1)
1 creature vanquished.

Vanquished Creatures (others)
  2 plants (D:1)
2 creatures vanquished.

Grand Total: 27 creatures vanquished

Table legend:
 A = Non-vault XP
 B = Vault XP
 C = Vault XP percentage of total XP
 D = Non-vault monster count
 E = Vault monster count
 F = Vault count percentage of total count
                 A         B        C        D         E       F
            +---------+---------+-------+---------+---------+-------
      Total |      36 |      14 |  28.0 |      19 |       6 |  24.0
            +---------+---------+-------+---------+---------+-------
        D:1 |      36 |      14 |  28.0 |      19 |       6 |  24.0
            +---------+---------+-------+---------+---------+-------

Illustrated notes

Table legend:
 A = Kills in this place as a percentage of kills in entire the game.
 B = Kills by you in this place as a percentage of kills by you in the entire game.
 C = Kills by friends in this place as a percentage of kills by friends in the entire game.
 D = Other kills in this place as a percentage of other kills in the entire game.
 E = Experience gained in this place as a percentage of experience gained in the entire game.
 F = Experience gained in this place divided by the number of levels of this place that you have seen.
                   A       B       C       D       E      F
               +-------+-------+-------+-------+-------+----------------------
         Total | 100.0 | 100.0 | 100.0 |   N/A | 100.0 |  50.0
       Dungeon | 100.0 | 100.0 | 100.0 |   N/A | 100.0 |  50.0
               +-------+-------+-------+-------+-------+----------------------

Table legend: (Time is in decaauts)
 A = Elapsed time spent in this place.
 B = Non-inter-level travel time spent in this place.
 C = Inter-level travel time spent in this place.
 D = Time resting spent in this place.
 E = Time spent auto-exploring this place.
 F = Levels seen in this place.
 G = Mean time per level.
                   A        B        C        D        E       F      G
               +--------+--------+--------+--------+--------+-----+--------+
         Total |   1777 |   1777 |      0 |    331 |   1266 |   1 | 1777.0 |
       Dungeon |   1777 |   1777 |      0 |    331 |   1266 |   1 | 1777.0 |
               +--------+--------+--------+--------+--------+-----+--------+

Top non-repeatable levels by time:
     D:1: 1777 daAuts
